 Dungeon Crawl Stone Soup version 0.23.2-33-g5129a83 (console) character file.

Game seed: 15242580997046805455

16 Apatiregn the Grave Robber (level 2, -4/15 HPs)
             Began as a Deep Elf Necromancer on Aug 6, 2019.
             Slain by a wight
             ... wielding a +3 halberd
              (13 damage)
             ... on level 2 of the Dungeon on Aug 7, 2019.
             The game lasted 00:15:48 (1032 turns).

Apatiregn the Grave Robber (Deep Elf Necromancer)   Turns: 1032, Time: 00:15:48

Health: -4/15      AC:  3    Str:  5    XL:     2   Next: 37%
Magic:  8/8        EV: 13    Int: 17    God:
Gold:   25         SH:  0    Dex: 15    Spells: 5/7 levels left

rFire    . . .     SeeInvis .   b - +1 short sword
rCold    . . .     Gourm    .   (no shield)
rNeg     . . .     Faith    .   a - +1 robe
rPois    .         Spirit   .   (no helmet)
rElec    .         Reflect  .   (no cloak)
rCorr    .         Harm     +   (no gloves)
MR       .....                  (no boots)
Stlth    ++........             h - amulet of harm
HPRegen  0.05/turn              e - -2 ring of intelligence (curse)
MPRegen  0.11/turn              (no ring)

@: no status effects
A: no striking features
a: no special abilities


You were on level 2 of the Dungeon.
You were not hungry.

You visited 1 branch of the dungeon, and saw 2 of its levels.

You collected 25 gold pieces.

Inventory:

Hand Weapons
 b - a +1 short sword (weapon)
Armour
 a - a +1 robe (worn)
Jewellery
 e - a cursed -2 ring of intelligence (left hand)
 h - an amulet of harm (around neck)
Potions
 f - a potion of heal wounds {unknown}
 g - a potion of brilliance {unknown}
 i - a potion of curing {unknown}
Comestibles
 c - 2 rations
 d - 4 chunks of flesh


   Skills:
 + Level 3.0 Dodging
 + Level 2.6 Stealth
 + Level 3.2 Spellcasting
 + Level 5.1 Necromancy


You had 5 spell levels left.
You knew the following spells:

 Your Spells              Type           Power        Failure   Level  Hunger
a - Pain                  Necr           ###.         1%          1    None
b - Animate Skeleton      Necr           N/A          1%          1    None

Your spell library contained the following spells:

 Spells                   Type           Power        Failure   Level  Hunger
 Vampiric Draining        Necr           ###.......   6%          3    ###....
 Regeneration             Chrm/Necr      ##........   19%         3    ###....
 Animate Dead             Necr           N/A          21%         4    ####...


Dungeon Overview and Level Annotations

Branches:
Dungeon (2/15)

Altars:


Message History

A wight comes into view. It is wielding a +0 long sword.
Press: ? - help, v - describe, . - travel
Here: a wight, wielding a +0 long sword and wearing a +0 robe (resting)
The floor.
Casting: Animate Skeleton (safe; 1% risk of failure)
Confirm with . or Enter, or press ? or * to list all spells.
You can't see any susceptible monsters within range! (Use Z to cast anyway.)
A wight comes into view. It is wielding a +3 halberd.
Found a ration.
The wight hits you from afar with a +3 halberd.
Casting: Animate Skeleton (safe; 1% risk of failure)
Confirm with . or Enter, or press ? or * to list all spells.
You can't see any susceptible monsters within range! (Use Z to cast anyway.)
The wight barely misses you.
Casting: Animate Skeleton (safe; 1% risk of failure)
Confirm with . or Enter, or press ? or * to list all spells.
You can't see any susceptible monsters within range! (Use Z to cast anyway.)
The wight hits you from afar with a +3 halberd!
Ouch! That really hurt!
You die...

####### #.@.<.#
#.#.#####.#.###
#......zz.#.#
#%.###.####.#
... ... ..##.
### ... .. ##
##


You could see 2 wights.

Vanquished Creatures
  A leopard gecko (D:1)
  4 bats (D:1)
  A hobgoblin (D:1)
  3 frilled lizards (D:1)
  2 kobolds (D:1)
  A rat (D:1)
12 creatures vanquished.

Vanquished Creatures (collateral kills)
  A goblin (D:1)
  2 hobgoblins (D:1)
  A bat (D:1)
4 creatures vanquished.

Grand Total: 16 creatures vanquished

Notes
Turn   | Place    | Note
-------+----------+-------------------------------------------
     0 | D:1      | Apatiregn the Deep Elf Necromancer began the quest for the
                  | Orb.
     0 | D:1      | Reached XP level 1. HP: 10/10 MP: 6/6
    61 | D:1      | Learned a level 1 spell: Animate Skeleton
   403 | D:1      | Reached skill level 5 in Necromancy
   618 | D:1      | Reached XP level 2. HP: 14/15 MP: 4/8
  1015 | D:2      | Noticed a wight
  1020 | D:2      | Noticed a wight
  1032 | D:2      | Slain by a wight

Skill      XL: |  1  2 |
---------------+-------+-----
Necromancy     | 5 |  5.1
Dodging        | 3 |  3.0
Stealth        | |  2.6
Spellcasting   | |  3.2

Action                   || total
-------------------------++-------
Melee: Unarmed           ||    32
       Short sword       ||     3
 Cast: Animate Skeleton  ||     9
       Pain              ||    10
  Use: Scroll            ||     6
 Stab: Sleeping          ||     3
Armor: Robe              ||     8
Dodge: Dodged            ||    46
